 Dungeon Crawl Stone Soup version 0.22.1-6-g1668fe2 (webtiles) character file.

84 Kairos the Conjurer (level 4, 21/21 HPs)
             Began as a Vine Stalker Conjurer on Jan 30, 2019.
             Quit the game on level 2 of the Dungeon.
             The game lasted 00:11:08 (2317 turns).

Kairos the Conjurer (Vine Stalker Conjurer)         Turns: 2317, Time: 00:11:09

Health: 21/21      AC:  6    Str: 12    XL:     4   Next: 46%
Magic:  9/9        EV: 12    Int: 15    God:
Gold:   126        SH:  0    Dex: 14    Spells: 5/8 levels left

rFire    . . .     SeeInvis .   f - +0 short sword (curse)
rCold    + . .     Gourm    .   (no shield)
rNeg     . . .     Faith    .   d - +2 leather armour {rC+}
rPois    .         Spirit   +   e - +0 helmet
rElec    .         Reflect  .   (no cloak)
rCorr    .         Harm     .   (no gloves)
MR       .....                  (no boots)
Stlth    ++........             (no amulet)
HPRegen  0.47/turn              (no ring)
MPRegen  0.11/turn              (no ring)

@: no status effects
A: fangs 2, regeneration 1, magic shield, antimagic bite, no potion heal 3, rot
immunity
a: no special abilities


You were on level 2 of the Dungeon.
You were not hungry.

You visited 1 branch of the dungeon, and saw 2 of its levels.

You collected 126 gold pieces.

Inventory:

Hand Weapons
 f - a cursed +0 short sword (weapon)
Armour
 a - a +0 robe
 d - a +2 leather armour of cold resistance (worn)
 e - a +0 helmet (worn)
Scrolls
 m - a scroll of teleportation
 o - a scroll of fog
Potions
 b - a potion of resistance {unknown}
 g - 2 potions of brilliance {unknown}
 h - a potion of cancellation {unknown}
 i - a potion of haste {unknown}
 j - a potion of heal wounds {unknown}
 l - a potion of lignification {unknown}
 n - a potion of ambrosia {unknown}
Comestibles
 c - a ration
 p - a chunk of flesh


   Skills:
 + Level 0.3 Short Blades
 + Level 0.5 Armour
 + Level 1.8 Dodging
 + Level 3.2 Stealth
 + Level 2.7 Spellcasting
 + Level 4.8 Conjurations


You had 5 spell levels left.
You knew the following spells:

 Your Spells              Type           Power        Failure   Level  Hunger
a - Magic Dart            Conj           ###.         3%          1    #......
b - Searing Ray           Conj           ###...       5%          2    ##.....

Your spell library contained the following spells:

 Spells                   Type           Power        Failure   Level  Hunger
 Dazzling Spray           Conj/Hex       #.....       28%         3    ###....
 Iskenderun's Mystic Bla  Conj           ###.....     34%         4    #####..
 Force Lance              Conj/Tloc      #.......     67%         4    #####..
 Fulminant Prism          Conj/Hex       #.........   67%         4    #####..


Dungeon Overview and Level Annotations

Branches:
Dungeon (2/15)

Altars:
Gozag


Innate Abilities, Weirdness & Mutations

You have extremely sharp teeth.
Your natural rate of healing is unusually fast.
When hurt, damage is shared between your health and your magic reserves.
Your bite disrupts and absorbs the magic of your enemies.
Potions cannot restore your health.
You are immune to rotting.


Message History

No target in view!
You butcher the adder corpse.
p - 2 chunks of flesh Eating one of 2 chunks of flesh.
You eat one of the 2 chunks of flesh.
This raw flesh tastes terrible.
Done exploring.
Done exploring.
Done exploring.
Done exploring.
Done exploring.
Done exploring.
Done exploring.
Done exploring.
There is a stone staircase leading down here.
As you read the scroll labeled HAYQOK CAR MAOWK, it crumbles to dust.
It is a scroll of identify.
m - a scroll of teleportation
As you read the scroll of identify, it crumbles to dust.
o - a scroll of fog Are you sure you want to abandon this character and quit the game? (Confirm

##.###.._..#.# ####.#####.(..#
#. .....###.#.#.#
#..........##.###.
##.###.....#.#
#.##.####..###...# #<# ###.###.#
#.##.## #..# ##.## #<# #)..#.#
#.##..###..####.## #.# #...#.#
#.###..........).. #.# #...#.#
#.# #..##..##.#### #.#
#...#.###.###..##..#...### #.#
#...#.##.@...........#.... #.#
#...#.##.####..#...#...### #.#
#...#...........)#...#..[. #.#
#...##.#.#.#...#...##.#### #.#
###..............##.###.# #.#
#.........(......##.# #.# #.#
#.#.#####...##.#.##.###.####
#.###.#.....##..............##..
#.....#####....................#


There were no monsters in sight!

Vanquished Creatures
  2 adders (D:2)
  An ooze (D:1)
  4 worms (D:2)
  2 dart slugs
  3 giant cockroaches
  5 hobgoblins
  3 jackals (D:2)
  6 kobolds
  A quokka (D:2)
  4 bats (D:2)
  A frilled lizard (D:2)
  5 goblins
  9 rats
46 creatures vanquished.

Notes
Turn   | Place    | Note
-------+----------+-------------------------------------------
     0 | D:1      | Kairos the Vine Stalker Conjurer began the quest for the
                  | Orb.
     0 | D:1      | Reached XP level 1. HP: 9/9 MP: 4/4
   480 | D:1      | Reached XP level 2. HP: 12/13 MP: 6/6
  1005 | D:1      | Reached XP level 3. HP: 16/16 MP: 3/7
  1279 | D:2      | Found an opulent altar of Gozag.
  1952 | D:2      | Gained mutation: Your natural rate of healing is unusually
                  | fast. [Vine Stalker growth]
  1952 | D:2      | Reached XP level 4. HP: 21/21 MP: 1/8
  2139 | D:2      | Learned a level 2 spell: Searing Ray
  2317 | D:2      | Quit the game

Skill      XL: |  1  2 |
---------------+-------+-----
Stealth        | 3 |  3.2
Short Blades   | |  0.3
Armour         | |  0.5
Dodging        | |  1.8
Spellcasting   | |  2.7
Conjurations   | |  4.8

Action                   |  1- 3 |  4- 6 || total
-------------------------+-------+-------++-------
Melee: Bite              |     7 |     1 ||     8
       Unarmed           |     2 |       ||     2
       Short sword       |    35 |     8 ||    43
 Cast: Magic Dart        |    75 |    17 ||    92
  Use: Scroll            |     1 |     2 ||     3
 Stab: Sleeping          |     5 |       ||     5
  Eat: Chunk             |     4 |     1 ||     5
Armor: Leather armour    |    19 |     4 ||    23
Dodge: Dodged            |    25 |    10 ||    35
